 Dungeon Crawl Stone Soup version 0.31-a0-219-g8d62b2e7bb (webtiles) character file.

Game seed: 13154416258928722583

123 porpoise the Sneak (level 5, -8/35 HPs)
             Began as a Merfolk Enchanter on July 3, 2023.
             Mangled by Terence
             ... wielding a +1 heavy flail
              (17 damage)
             ... on level 3 of the Dungeon.
             The game lasted 00:08:29 (2479 turns).

porpoise the Sneak (Merfolk Enchanter)              Turns: 2479, Time: 00:08:30

Health: -8/35      AC:  3    Str:  8    XL:     5   Next: 7%
Magic:  4/9        EV: 12    Int: 16    God:
Gold:   42         SH:  0    Dex: 15    Spells: 7/9 levels left

rFire   . . .        a - +1 dagger
rCold   . . .        (no shield)
rNeg    . . .        q - +0 robe
rPois   .            (no helmet)
rElec   .            (no cloak)
rCorr   .            g - +0 pair of gloves
SInv    .            (no boots)
Will    .....        m - amulet of the acrobat
Stlth   +++          (no ring)
HPRegen 0.25/turn    (no ring)
MPRegen 0.11/turn

%: acrobat
@: no status effects
A: (nimble swimmer 2), mertail
a: no special abilities


You were on level 3 of the Dungeon.
You visited 1 branch of the dungeon, and saw 3 of its levels.

You collected 126 gold pieces.
You spent 84 gold pieces at shops.

Inventory:

Hand Weapons
 a - a +1 dagger (weapon)
Missiles
 b - 6 poisoned darts
Armour
 g - a +0 pair of gloves (worn)
 q - a +0 robe (worn)
Magical Staves
 u - a staff of conjuration
Jewellery
 m - an amulet of the acrobat (around neck)
Scrolls
 d - a scroll of revelation {unknown}
 f - 2 scrolls of identify {unknown}
 j - a scroll of blinking {unknown}
 k - a scroll of butterflies {unknown}
 l - a scroll of fog {unknown}
 o - a scroll of teleportation {unknown}
 p - a scroll of vulnerability {unknown}
 v - a scroll of amnesia {unknown}
 w - a scroll of enchant armour {unknown}
Potions
 c - 3 potions of invisibility
 e - a potion of berserk rage {unknown}
 h - a potion of enlightenment {unknown}
 i - a potion of mutation {unknown}
 n - 2 potions of degeneration {unknown}
 r - 3 potions of curing {unknown}
 s - a potion of attraction {unknown}
 t - a potion of might {unknown}


   Skills:
 - Level 1.2 Short Blades
 - Level 2.6 Dodging
 + Level 4.4 Stealth
 + Level 2.9 Spellcasting
 - Level 3.2 Hexes
 * Level 2.8 Ice Magic


You had 7 spell levels left.
You knew the following spells:

 Your Spells              Type           Power      Damage    Failure   Level
e - Ensorcelled Hibernat  Hex/Ice        24%        N/A       9%          2

Your spell library contained the following spells:

 Spells                   Type           Power      Damage    Failure   Level
 Confusing Touch          Hex            12%        N/A       16%         3
 Tukima's Dance           Hex            12%        N/A       16%         3
 Dazzling Flash           Conj/Hex       14%        N/A       28%         3


Dungeon Overview and Level Annotations

Branches:
Dungeon (3/15)

Altars:
Nemelex Xobeh

Shops:
D:1 *   D:2 [   D:3 [=

Annotations:
D:3 Terence


Innate Abilities, Weirdness & Mutations

((You are very nimble when in or above water. (Stealth+, EV+, Speed+++)))
Your lower body shifts to a powerful aquatic tail in water.


Message History

Confirm with . or Enter, or press ? or * to list all spells.
Aiming: Ensorcelled Hibernation (safe; 9% risk of failure)
Press: ? - help, Shift-Dir - straight line, f/p - Terence
Aim: Terence, wielding a +1 heavy flail and wearing a +0 ring mail (chance to affect: 54%) Terence resists with significant effort.
Terence says, "Rest in peace."
Terence hits you with a +1 heavy flail!
Casting: Ensorcelled Hibernation (safe; 9% risk of failure)
Confirm with . or Enter, or press ? or * to list all spells.
Aiming: Ensorcelled Hibernation (safe; 9% risk of failure)
Press: ? - help, Shift-Dir - straight line, f/p - Terence
Aim: Terence, wielding a +1 heavy flail and wearing a +0 ring mail (chance to affect: 54%) Terence looks drowsy...
The helpless Terence fails to defend himself.
You puncture Terence!
Terence is heavily wounded.
Terence misses you.
You closely miss Terence.
Terence is heavily wounded.
You barely miss Terence.
Terence is heavily wounded.
Terence closely misses you.
You hit Terence.
Terence is severely wounded.
You hit Terence.
Terence is almost dead.
Terence closely misses you.
Your magical contamination has completely faded away.
You hit Terence.
Terence is almost dead.
Terence hits you with a +1 heavy flail!!
Ouch! That really hurt!
* * * LOW HITPOINT WARNING * * *
You hit Terence but do no damage.
Terence is almost dead.
You hit Terence but do no damage.
Terence is almost dead.
Terence shouts, "Get ready for death!"
Terence hits you with a +1 heavy flail!
You die...

.## #.! #.#
############.######
#.................#
#.#######.#######.#
#.# #.........# #.#
##.#.###.#.# #.#
#..#..@@.#.# #.#
#..#.._..#..# #.#
#..#...!.#..# #.#
#..#.###.#..# #.#
#............# #.#
#...#######..#
#.#####........$...#
#....##.....#####..#
##...##.......


You could see Terence.

Vanquished Creatures
  Jessica (D:3)
  4 adders
  A worm (D:2)
  A dart slug (D:1)
  5 ball pythons
  2 endoplasms (D:1)
  A giant cockroach (D:3)
  9 goblins
  12 hobgoblins
  A quokka (D:1)
  4 bats
  2 frilled lizards
  6 kobolds
  5 rats
54 creatures vanquished.

Notes
Turn   | Place    | Note
-------+----------+-------------------------------------------
     0 | D:1      | porpoise the Merfolk Enchanter began the quest for the Orb.
     0 | D:1      | Reached XP level 1. HP: 13/13 MP: 3/3
   151 | D:1      | Reached XP level 2. HP: 17/19 MP: 5/5
   335 | D:1      | Learned a level 2 spell: Ensorcelled Hibernation
   424 | D:1      | Reached XP level 3. HP: 15/24 MP: 2/6
   435 | D:1      | Reached skill level 1 in Ice Magic
   570 | D:1      | You fall into a shaft and drop 1 floor!
   614 | D:2      | Reached skill level 4 in Stealth
   720 | D:1      | Found Aroset's Assorted Antiques.
  1138 | D:2      | Reached XP level 4. HP: 27/30 MP: 0/7
  1228 | D:2      | Found a faded altar of an unknown god.
  1340 | D:2      | Found Xyrookk's Antique Armour Shoppe.
  1731 | D:3      | Found Xaxeseol's Antique Armour Boutique.
  1779 | D:1      | Bought a smoky clear potion for 27 gold pieces
  1779 | D:1      | Bought a smoky clear potion for 27 gold pieces
  1779 | D:1      | Bought a scroll labelled OXTUTA HOVU for 30 gold pieces
  1831 | D:3      | Noticed Jessica
  1839 | D:3      | Killed Jessica
  2074 | D:3      | Reached XP level 5. HP: 30/35 MP: 6/9
  2199 | D:3      | Found Tuen's Jewellery Boutique.
  2462 | D:3      | Found a sparkling altar of Nemelex Xobeh.
  2463 | D:3      | Noticed Terence
  2479 | D:3      | Mangled by Terence

Illustrated notes

Levels and vault maps discovered:
D:1:      dpeg_arrival_rooms_a, layout_basic, serial_shops, shop
D:2:      layout_loops_ring, serial_shops, nicolae_shop_overgrown_old_shop,
          dreamdust_ecumenical_altar_grove
D:3:      kb_forest_paths, layout_basic, mainiacjoe_overflow_cross_hatched,
          serial_shops, shop, shop, uniq_terence, uniq_jessica, uniq_robin

Skill      XL: |  1  2  3  4 |
---------------+-------------+-----
Ice Magic      | 1 2 |  2.8
Stealth        | 4 |  4.4
Short Blades   | |  1.2
Dodging        | |  2.6
Spellcasting   | |  2.9
Hexes          | |  3.2

Action                     |  1- 3 |  4- 6 || total
---------------------------+-------+-------++-------
  Melee: Dagger            |   110 |    49 ||   159
         Punch             |     1 |       ||     1
   Cast: Ensorcelled Hiber |     9 |    10 ||    19
   Stab: Sleeping          |     9 |    17 ||    26
 Armour: Robe              |    24 |     5 ||    29
  Dodge: Dodged            |    49 |    26 ||    75

Table legend: (Time is in decaauts)
 A = Elapsed time spent in this place.
 B = Non-inter-level travel time spent in this place.
 C = Inter-level travel time spent in this place.
 D = Time resting spent in this place.
 E = Time spent auto-exploring this place.
 F = Levels seen in this place.
 G = Mean time per level.
                   A        B        C        D        E       F      G
               +--------+--------+--------+--------+--------+-----+--------+
         Total |   2472 |   2339 |    133 |    412 |   1403 |   3 |  824.0 |
       Dungeon |   2472 |   2339 |    133 |    412 |   1403 |   3 |  824.0 |
               +--------+--------+--------+--------+--------+-----+--------+

Top non-repeatable levels by time:
     D:1: 943 daAuts
     D:2: 853 daAuts
     D:3: 674 daAuts
